 Dungeon Crawl Stone Soup version 0.30.1-3-gfc49f6343a (webtiles) character file.

Game seed: 8623456762488264694

41 LynnLen the Sneak (level 3, 0/16 HPs)
             Began as a Spriggan Enchanter on July 20, 2023.
             Slain by a gnoll
             ... wielding a +0 whip
              (9 damage)
             ... on level 2 of the Dungeon.
             The game lasted 00:04:15 (1181 turns).

LynnLen the Sneak (Spriggan Enchanter)              Turns: 1181, Time: 00:04:16

Health: 0/16       AC:  2    Str:  4    XL:     3   Next: 32%
Magic:  8/8        EV: 17    Int: 18    God:
Gold:   41         SH:  0    Dex: 15    Spells: 0/8 levels left

rFire   . . .        a - +1 dagger
rCold   . . .        (no shield)
rNeg    . . .        b - +0 robe
rPois   .            (helmet restricted)
rElec   .            (no cloak)
rCorr   .            (gloves unavailable)
SInv    +            (boots unavailable)
Will    .....        (no amulet)
Stlth   +++          (no ring)
HPRegen 0.22/turn    (no ring)
MPRegen 0.11/turn

%: no passive effects
@: very quick
A: very small, no large weapons, unfitting armour, see invisible, speed 3
a: no special abilities


You were on level 2 of the Dungeon.
You visited 1 branch of the dungeon, and saw 2 of its levels.

You collected 41 gold pieces.

Inventory:

Hand Weapons
 a - a +1 dagger (weapon)
Armour
 b - a +0 robe (worn)
Scrolls
 d - a scroll of magic mapping {unknown}
 e - a scroll of enchant armour {unknown}
 g - a scroll of acquirement {unknown}
 i - a scroll of noise {unknown}
 k - 2 scrolls of butterflies {unknown}
Potions
 c - 2 potions of invisibility
 f - a potion of mutation
 h - 2 potions of flight
 j - a potion of curing {unknown}


   Skills:
 + Level 1.7 Short Blades
 - Level 2.6 Dodging
 * Level 5.4 Stealth
 + Level 3.1 Spellcasting
 + Level 4.0 Hexes
 + Level 0.5 Ice Magic


You couldn't memorise any spells.
You knew the following spells:

 Your Spells              Type           Power      Damage    Failure   Level
a - Ensorcelled Hibernat  Hex/Ice        22%        N/A       10%         2
b - Confusing Touch       Hex            17%        N/A       10%         3
c - Tukima's Dance        Hex            17%        N/A       10%         3

Your spell library contained the following spells:

 Spells                   Type           Power      Damage    Failure   Level
 Dazzling Flash           Conj/Hex       20%        N/A       22%         3
 Summon Guardian Golem    Hex/Summ       10%        N/A       22%         3
 Orb of Destruction       Conj           1%         9d5       100%        7
 Spellforged Servitor     Conj/Summ      1%         N/A       100%        7


Dungeon Overview and Level Annotations

Branches:
Dungeon (2/15)

Altars:


Innate Abilities, Weirdness & Mutations

You are very small and have problems with some larger weapons.
You are too small for most types of armour.
You have supernaturally acute eyesight. (SInv)
You cover ground extremely quickly. (Speed+++)


Message History

The gnoll misses you.
Your +0 halberd hits the gnoll from afar.
You hit the gnoll.
The gnoll is heavily wounded.
The gnoll completely misses you.
Your +0 halberd hits the gnoll from afar!
The gnoll dies!
You see here a quokka corpse.
You start resting.
HP restored.
You start resting.
Your +0 halberd falls from the air.
You start resting.
A gnoll is nearby!
You see here a +0 halberd.
You start resting.
Magic restored.
A gnoll comes into view. It is wielding a +0 whip.
The gnoll shouts!
You hit the gnoll.
The gnoll is moderately wounded.
The gnoll closely misses you.
You hit the gnoll.
The gnoll is heavily wounded.
The gnoll hits you with a +0 whip.
You hit the gnoll but do no damage.
The gnoll is heavily wounded.
You closely miss the gnoll.
The gnoll is heavily wounded.
The gnoll misses you.
You hit the gnoll but do no damage.
The gnoll is heavily wounded.
The gnoll hits you with a +0 whip!
You barely miss the gnoll.
The gnoll is heavily wounded.
The gnoll closely misses you.
You barely miss the gnoll. Your punch misses the gnoll.
The gnoll is heavily wounded.
The gnoll hits you with a +0 whip!
Ouch! That really hurt!
You die...

#.##..#.##########
#†##..#...........
#####.##..#..<.#######
#[....##..#...........
###.####..#..[..#..###
#.# #..####.##..#..
#.# #..#.....#..#.#
#.####..####..#..#..
#..@gg..####....^#..
#######.#....###.#..
####.#.#......#..
#....)÷.....###.#
#....g...........
#...............#
#.......)...#####
#...........# #
#...........# #


You could see 2 gnolls.

Vanquished Creatures
  5 ball pythons
  2 endoplasms
  A giant cockroach (D:1)
  2 goblins
  2 hobgoblins
  4 quokkas
  2 bats
  6 frilled lizards
  A kobold (D:2)
  4 rats
29 creatures vanquished.

Vanquished Creatures (collateral kills)
  A gnoll (D:2)
1 creature vanquished.

Grand Total: 30 creatures vanquished

Notes
Turn   | Place    | Note
-------+----------+-------------------------------------------
     0 | D:1      | LynnLen the Spriggan Enchanter began the quest for the Orb.
     0 | D:1      | Reached XP level 1. HP: 9/9 MP: 5/5
    43 | D:1      | You fall into a shaft and drop 1 floor!
   332 | D:1      | Reached XP level 2. HP: 13/13 MP: 6/6
   343 | D:1      | Learned a level 2 spell: Ensorcelled Hibernation
   372 | D:1      | Reached skill level 5 in Stealth
   920 | D:2      | Reached XP level 3. HP: 16/16 MP: 8/8
   924 | D:2      | Learned a level 3 spell: Confusing Touch
   928 | D:2      | Learned a level 3 spell: Tukima's Dance
  1181 | D:2      | Slain by a gnoll

Illustrated notes

Levels and vault maps discovered:
D:1:      minmay_arrival_up_and_down, layout_basic
D:2:      layout_basic, minmay_misc_feat_rows

Skill      XL: |  1  2  3 |
---------------+----------+-----
Stealth        | 5 |  5.4
Spellcasting   | 3 |  3.1
Hexes          | 4 |  4.0
Short Blades   | |  1.7
Dodging        | |  2.6
Ice Magic      | |  0.5

Action                     || total
---------------------------++-------
  Melee: Dagger            ||    82
         Punch             ||     1
   Cast: Ensorcelled Hiber ||     2
         Tukima's Dance    ||     3
    Use: Scroll            ||     2
   Stab: Sleeping          ||     9
         Distracted        ||     1
 Armour: Robe              ||    10
  Dodge: Dodged            ||    48
